 Dungeon Crawl Stone Soup version 0.27-a0-1191-g601b473118 (webtiles) character file.

Game seed: 10628238650794215984

221 siradein the Slasher (level 5, -1/45 HPs)
             Began as a Minotaur Fighter on May 24, 2021.
             Slain by an unseen horror (2 damage)
             ... on level 5 of the Dungeon.
             The game lasted 00:07:11 (3703 turns).

siradein the Slasher (Minotaur Fighter)             Turns: 3703, Time: 00:07:11

Health: -1/45      AC: 10    Str: 20    XL:     5   Next: 65%
Magic:  4/4        EV:  7    Int:  5    God:
Gold:   179        SH:  9    Dex: 11    Spells: 4/4 levels left

rFire    . . .     SeeInvis .   a - +0 long sword
rCold    . . .     Faith    .   c - +0 kite shield
rNeg     . . .     Spirit   .   o - +0 scale mail
rPois    .         Reflect  .   (helmet restricted)
rElec    .         Harm     .   (no cloak)
rCorr    .         Rampage  .   (no gloves)
Will     .....                  (no boots)
Stlth    ..........             (no amulet)
HPRegen  0.15/turn              k - +4 ring of protection
MPRegen  0.09/turn              (no ring)

@: no status effects
A: horns 2, retaliatory headbutt
a: no special abilities


You were on level 5 of the Dungeon.
You visited 1 branch of the dungeon, and saw 5 of its levels.

You collected 179 gold pieces.

Inventory:

Hand Weapons
 a - a +0 long sword (weapon)
Missiles
 p - 6 poisoned darts (quivered)
Armour
 c - a +0 kite shield (worn)
 o - a +0 scale mail (worn)
Jewellery
 k - a +4 ring of protection (left hand)
Scrolls
 b - a scroll of enchant armour {unknown}
 f - 2 scrolls of teleportation {unknown}
 g - 2 scrolls of noise {unknown}
 h - 3 scrolls of identify {unknown}
 j - a scroll of immolation {unknown}
 m - a scroll of summoning {unknown}
Potions
 d - a potion of might
 e - 2 potions of cancellation {unknown}
 i - a potion of berserk rage {unknown}
 l - 3 potions of heal wounds {unknown}
 n - 2 potions of curing {unknown}


   Skills:
 - Level 3.6 Fighting
 + Level 7.2 Long Blades
 - Level 3.6 Armour
 - Level 3.6 Shields


You had 4 spell levels left.
You didn't know any spells.
Your spell library was empty.

Dungeon Overview and Level Annotations

Branches:
Dungeon (5/15)
 Temple: D:4-7

Altars:
Ashenzari
The Shining One

Shops:
D:2 (

Annotations:
D:3 Sigmund


Innate Abilities, Weirdness & Mutations

You have a pair of horns on your head.
You reflexively headbutt those who attack you in melee.


Message History

You are too injured to fight recklessly!
You are too injured to fight recklessly!
You are too injured to fight recklessly!
You are too injured to fight recklessly!
Sigmund barely misses you.
There is a stone staircase leading down here.
Sigmund points at himself and mumbles some strange words.
Sigmund flickers and vanishes!
Deactivating autopickup; reactivate with Ctrl-A.
You climb downwards.
Reactivating autopickup.
There is a stone staircase leading up here.
HP restored.
Things that are here:
a +0 whip; a gnoll skeleton
There is a stone staircase leading down here.
You climb downwards.
There is a stone staircase leading up here.
You open the door.
There is an open door here.
You now have 164 gold pieces (gained 6).
n - 2 fuming green potions (gained 1)
You now have 179 gold pieces (gained 15).
Something hits you but does no damage.
Deactivating autopickup; reactivate with Ctrl-A.
Found a scroll labelled FUCUT ZIEVAMN.
Something hits you! You block something's attack. x2
Something hits you but does no damage.
You closely miss something. Something hits you.
Something hits you but does no damage. Something hits you.
You slash something! Your headbutt misses something. Something hits you. x2
You miss something. Something hits you but does no damage. Something hits you.
Something hits you. Something hits you!
* * * LOW HITPOINT WARNING * * *
You hit something but do no damage. Something hits you.
* * * LOW HITPOINT WARNING * * *
Something hits you.
You die...

#.........###......#######
##.......## #.#.####
##.....## #.### ##...##
#.# ##+## #.# #.# #.#
##.#######.# #.....@....#
....?.####### ##... ##. #


There were no monsters in sight!

Vanquished Creatures
  A water moccasin skeleton (D:4)
  2 bullfrog skeletons (D:4)
  A gnoll (D:4)
  2 adders (D:4)
  2 worms (D:2)
  3 dart slugs
  5 orcs
  3 ball pythons
  5 bats
  5 endoplasms
  9 goblins
  7 hobgoblins
  2 jackals (D:3)
  4 quokkas
  3 frilled lizards
  7 kobolds
  2 rats
63 creatures vanquished.

Notes
Turn   | Place    | Note
-------+----------+-------------------------------------------
     0 | D:1      | siradein the Minotaur Fighter began the quest for the Orb.
     0 | D:1      | Reached XP level 1. HP: 19/19 MP: 0/0
   116 | D:1      | Reached skill level 3 in Long Blades
   151 | D:1      | Reached XP level 2. HP: 26/26 MP: 1/1
   623 | D:2      | Reached skill level 4 in Long Blades
   655 | D:2      | Found Geyxt's Weapon Boutique.
  1035 | D:2      | Reached XP level 3. HP: 22/31 MP: 2/2
  1772 | D:3      | Reached skill level 5 in Long Blades
  1823 | D:3      | Found a broken altar of Ashenzari.
  2298 | D:3      | Noticed Sigmund
  2348 | D:4      | Reached XP level 4. HP: 33/39 MP: 3/3
  2704 | D:4      | Reached skill level 6 in Long Blades
  2704 | D:4      | Reached XP level 5. HP: 43/45 MP: 4/4
  2735 | D:4      | Identified the +7 short sword of the Pariah {flame, Fly
                  | Will+}
  2774 | D:4      | Reached skill level 7 in Long Blades
  3003 | D:4      | Found a glowing golden altar of the Shining One.
  3648 | D:5      | Entered Level 5 of the Dungeon
  3702 | D:5      | HP: 1/45 [something (6)]
  3703 | D:5      | Slain by an unseen horror

Illustrated notes

Levels and vault maps discovered:
D:1:      giann_bridges, layout_rooms
D:2:      layout_rooms, serial_shops, shop_statue, minmay_fractal_squares_5
D:3:      layout_rooms, bloody_trog, cheibrodos_ashenzari_chains,
          minmay_checkerbox, uniq_sigmund
D:4:      layout_basic, nicolae_tso_carved_into_rock
D:5:      layout_loops_corners

Skill      XL: |  1  2  3  4  5 |
---------------+----------------+-----
Long Blades    | 3 4 5 6 7 |  7.2
Fighting       | |  3.6
Armour         | |  3.6
Shields        | |  3.6

Action                   |  1- 3 |  4- 6 || total
-------------------------+-------+-------++-------
Melee: Long sword        |    98 |    53 ||   151
       Headbutt          |    16 |     6 ||    22
Armor: Scale mail        |    64 |    19 ||    83
Dodge: Dodged            |    33 |    19 ||    52
Block: Kite shield       |    59 |    26 ||    85
       Rpst.: Long sword |     8 |     4 ||    12

Table legend: (Time is in decaauts)
 A = Elapsed time spent in this place.
 B = Non-inter-level travel time spent in this place.
 C = Inter-level travel time spent in this place.
 D = Time resting spent in this place.
 E = Time spent auto-exploring this place.
 F = Levels seen in this place.
 G = Mean time per level.
                   A        B        C        D        E       F      G
               +--------+--------+--------+--------+--------+-----+--------+
         Total |   3767 |   3615 |    152 |    733 |   2202 |   5 |  753.4 |
       Dungeon |   3767 |   3615 |    152 |    733 |   2202 |   5 |  753.4 |
               +--------+--------+--------+--------+--------+-----+--------+

Top non-repeatable levels by time:
     D:4: 1345 daAuts
     D:2: 1142 daAuts
     D:1: 907 daAuts
     D:3: 316 daAuts
     D:5: 55 daAuts
